 Dungeon Crawl Stone Soup version 0.21.1-1-g345015f (webtiles) character file.

14094 xccam the Severer (level 11, -2/88 HPs)
             Began as a Minotaur Fighter on Apr 2, 2018.
             Was a High Priest of Cheibriados.
             Killed from afar by a spark wasp (glowing shapeshifter) (19 damage)
             ... with a living lightning
             ... on level 11 of the Dungeon.
             The game lasted 00:20:51 (9972 turns).

xccam the Severer (Minotaur Fighter)                Turns: 9972, Time: 00:20:52

Health: -2/88      AC: 15    Str: 38    XL:     11   Next: 84%
Magic:  12/12      EV: 12    Int: 18    God:    Cheibriados [*****.]
Gold:   379        SH:  0    Dex: 25    Spells: 10/10 levels left

rFire    + . .     SeeInvis .   F - +7 battleaxe of the Sixty-Six Allies {flame, rF+ Str+3}
rCold    . . .     Gourm    .   (shield currently unavailable)
rNeg     . . .     Faith    .   G - +0 chain mail (curse)
rPois    +         Spirit   .   (helmet restricted)
rElec    .         Reflect  .   C - +2 cloak
rCorr    .         Harm     .   t - +0 pair of gloves
MR       .....                  g - +0 pair of boots
Stlth    ..........             (no amulet)
HPRegen  0.24/turn              A - ring of stealth
MPRegen  0.13/turn              (no ring)

@: very slow
A: retaliatory headbutt, horns 2, poison resistance
a: Bend Time, Temporal Distortion, Slouch, Step From Time, Renounce Religion


You were on level 11 of the Dungeon.
You worshipped Cheibriados.
Cheibriados was extremely pleased with you.
You were not hungry.

You visited 2 branches of the dungeon, and saw 12 of its levels.

You collected 499 gold pieces.
You spent 120 gold pieces at shops.

Inventory:

Hand Weapons
 a - a +0 war axe
 F - the +7 battleaxe of the Sixty-Six Allies (weapon) {flame, rF+ Str+3}
   (You took it off a centaur on level 8 of the Dungeon)

   It has been specially enchanted to burn those struck by it, causing extra
   injury to most foes and up to half again as much damage against particularly
   susceptible opponents.
   Big, fiery blades are also staple armaments of hydra-hunters.
   It affects your strength (+3).
   It protects you from fire.
Armour
 g - a +0 pair of boots (worn)
 t - a +0 pair of gloves (worn)
 C - a +2 cloak (worn)
 G - a cursed +0 chain mail (worn)
Jewellery
 A - a ring of stealth (left hand)
Wands
 e - a wand of polymorph (28)
 k - a wand of acid (4)
 l - a wand of iceblast (7)
 s - a wand of flame (13)
 w - a wand of paralysis (15)
 J - a wand of enslavement (3)
Scrolls
 d - a scroll of fear {unknown}
 h - a scroll of brand weapon {unknown}
 j - 2 scrolls of enchant weapon {unknown}
 m - 4 scrolls of teleportation
 q - 5 scrolls of immolation
 r - 5 scrolls of remove curse
 y - a scroll of summoning {unknown}
 z - a scroll of magic mapping {unknown}
 B - a scroll of torment {unknown}
 E - 2 scrolls of identify
 I - a scroll of noise {unknown}
 L - 3 scrolls of amnesia {unknown}
Potions
 b - a potion of curing
 i - a potion of heal wounds
 o - 3 potions of mutation
 p - 2 potions of agility
 u - a potion of invisibility
 x - a potion of brilliance
 D - a potion of might
Books
 c - a book of Conjurations

   Spells                             Type                      Level
   a - Magic Dart                     Conjuration                  1
   b - Searing Ray                    Conjuration                  2
   c - Dazzling Spray                 Conjuration/Hexes            3
   d - Fulminant Prism                Conjuration/Hexes            4
   e - Force Lance                    Conjuration/Translocation    4
   f - Iskenderun's Mystic Blast      Conjuration                  4
 n - a book of Misfortune

   Spells                             Type                      Level
   a - Confusing Touch                Hexes                        1
   b - Confuse                        Hexes                        3
   c - Gell's Gravitas                Translocation                3
   d - Petrify                        Transmutation/Earth          4
   e - Metabolic Englaciation         Hexes/Ice                    5
   f - Yara's Violent Unravelling     Hexes/Transmutation          5
 v - a book of Changes

   Spells                             Type                      Level
   a - Beastly Appendage              Transmutation                1
   b - Sticks to Snakes               Transmutation                2
   c - Spider Form                    Transmutation/Poison         3
   d - Ice Form                       Ice/Transmutation            4
   e - Blade Hands                    Transmutation                5
 H - a book of Necromancy

   Spells                             Type                      Level
   a - Pain                           Necromancy                   1
   b - Animate Skeleton               Necromancy                   1
   c - Vampiric Draining              Necromancy                   3
   d - Regeneration                   Charms/Necromancy            3
   e - Animate Dead                   Necromancy                   4
   f - Borgnjor's Vile Clutch         Necromancy/Earth             5
Comestibles
 f - 22 rations


   Skills:
 - Level 5.5 Fighting
 + Level 17.3 Axes
 - Level 5.5 Armour
 - Level 3.3 Dodging
   Level 11.4 Shields
 - Level 3.1 Invocations


You had 10 spell levels left.
You didn't know any spells.

Dungeon Overview and Level Annotations

Branches:
Dungeon (11/15)            Temple (1/1) D:5            Lair (0/6) D:9
    Orc (0/2) D:11

Altars:
Ashenzari
Cheibriados
Dithmenos
Elyvilon
Fedhas
Gozag
Hepliaklqana
Kikubaaqudgha
Makhleb
Nemelex Xobeh
Okawaru
Ru
Trog
Uskayaw
Vehumet
Wu Jian
Yredelemnul
Zin
The Shining One

Shops:
D:4 =!%:


Innate Abilities, Weirdness & Mutations

You reflexively headbutt those who attack you in melee.
You have a pair of horns on your head.
Your system is resistant to poisons. (rPois)


Message History

The spark wasp is lightly wounded.
The spark wasp stings you!
* * * LOW HITPOINT WARNING * * *
The spark wasp shocks you!
* * * LOW HITPOINT WARNING * * *
You feel much better. The spark wasp closely misses you.
You furiously retaliate!
You headbutt the spark wasp! You slice the spark wasp!!
You burn the spark wasp. You headbutt the spark wasp!
The spark wasp is severely wounded.
The spark wasp stings you. The spark wasp shocks you!
* * * LOW HITPOINT WARNING * * *
The spark wasp stings you.
* * * LOW HITPOINT WARNING * * *
The spark wasp shocks you!
* * * LOW HITPOINT WARNING * * *
You feel much better.
The spark wasp bursts into living lightning!
The living lightning hits you!
You die...

#.### #.## #.#.## ##.#
#...# ### #.###.## ###
###.#### #.. $#..##
#....# #.. $##..##
####.# #... .?#...# #>#
#.. ..##..## #.# .##
..####.# ## #.# ###y###
#.# .### #.# #.@...# #.#
...# #.# #..⌠..# #.#
#..# #.#### #.....# #.#
#..###....# #.....# #.#
##...†....#. #..⌠..# #.#
##.......#.# #.....###.#
##......##.####.####.##
####.......##.###.###.##
............##.##.##.##


You could see a spark wasp shaped shifter.

Vanquished Creatures
  4 two-headed ogres
  3 unseen horrors
  Pikel (D:9)
  2 cyclopes
  2 manticores (D:11)
  Maurice (D:8)
  A queen bee (D:10)
  2 trolls (D:10)
  2 hippogriffs
  A spriggan (D:7)
  A shadow (D:11)
  A yak (D:8)
  3 hungry ghosts
  Edmund (D:4)
  A water moccasin (D:10)
  An orc warrior (D:8)
  2 sky beasts
  2 slaves (D:9)
  2 hornet zombies
  2 ice beasts (D:8)
  4 ogres
  A phantom (D:11)
  4 necrophages
  2 wolves (D:8)
  6 centaurs
  A gnoll sergeant (D:7)
  A bullfrog (D:7)
  A wyvern zombie (D:9)
  2 big kobolds
  3 scorpions
  4 troll zombies (D:11)
  22 killer bees
  4 howler monkeys
  4 wights (D:10)
  An electric eel (D:8)
  2 bullfrog zombies
  4 crimson imps
  2 quasits (D:10)
  6 orc priests
  6 hounds
  4 orc wizards
  Crazy Yiuf (D:4)
  Ijyb (D:4)
  3 jellies
  A centaur skeleton (D:7)
  5 iguanas
  Terence (D:2)
  7 worker ants
  A killer bee zombie (D:8)
  4 ogre zombies (D:11)
  A hound zombie (D:5)
  4 gnolls (D:7)
  10 adders
  A hound simulacrum (D:8)
  A shadow imp (D:5)
  A worker ant simulacrum (D:8)
  An ufetubus (D:8)
  An ooze (D:1)
  2 adder skeletons
  2 adder zombies (D:8)
  2 dart slugs
  2 worms
  2 leopard geckos
  20 orcs
  3 ball pythons
  6 bats
  5 giant cockroaches
  5 goblins
  11 hobgoblins
  10 jackals
  9 kobolds
  3 quokkas
  10 frilled lizards
  3 goblin skeletons (D:11)
  A goblin zombie (D:11)
  A hobgoblin skeleton (D:11)
  5 hobgoblin zombies (D:11)
  A leopard gecko skeleton (D:8)
  An orc skeleton (D:11)
  14 orc zombies (D:11)
  2 quokka skeletons
  13 rats
  A plant (D:8)
297 creatures vanquished.

Vanquished Creatures (others)
  An adder (D:6)
  A quokka (D:6)
  7 bushes (D:8)
  11 plants (D:8)
20 creatures vanquished.

Grand Total: 317 creatures vanquished

Notes
Turn   | Place    | Note
-------+----------+-------------------------------------------
     0 | D:1      | xccam the Minotaur Fighter began the quest for the Orb.
     0 | D:1      | Reached XP level 1. HP: 19/19 MP: 0/0
    54 | D:1      | Reached skill level 3 in Axes
    70 | D:1      | Reached XP level 2. HP: 16/26 MP: 1/1
   244 | D:1      | Reached skill level 4 in Axes
   698 | D:2      | Reached XP level 3. HP: 31/31 MP: 2/2
   979 | D:2      | Noticed Terence
   986 | D:2      | Killed Terence
   986 | D:2      | Reached skill level 5 in Axes
   986 | D:2      | Reached XP level 4. HP: 29/39 MP: 3/3
  1489 | D:3      | Reached skill level 6 in Axes
  1504 | D:3      | Found a radiant altar of Vehumet.
  1628 | D:3      | Found a shattered altar of Ashenzari.
  1628 | D:3      | Found an iron altar of Okawaru.
  1628 | D:3      | Found a glowing silver altar of Zin.
  2045 | D:4      | Reached XP level 5. HP: 28/45 MP: 4/4
  2055 | D:4      | Reached skill level 7 in Axes
  2070 | D:4      | Noticed Ijyb
  2213 | D:4      | Killed Ijyb
  2213 | D:4      | Reached XP level 6. HP: 23/51 MP: 5/5
  2524 | D:4      | Reached skill level 8 in Axes
  2589 | D:4      | Noticed Edmund
  2597 | D:4      | Killed Edmund
  2597 | D:4      | Reached skill level 9 in Axes
  2617 | D:4      | Found Immif's Book Emporium.
  2620 | D:4      | Found Kodir's Jewellery Emporium.
  2620 | D:4      | Found Nouzanut's Food Emporium.
  2623 | D:4      | Found Xaroi's Distillery.
  2632 | D:4      | Bought 2 potions of heal wounds for 120 gold pieces
  2713 | D:4      | Found a runed door.
  2717 | D:4      | Noticed Crazy Yiuf
  2723 | D:4      | Killed Crazy Yiuf
  2799 | D:5      | Entered Level 5 of the Dungeon
  2812 | D:5      | Reached XP level 7. HP: 37/57 MP: 6/6
  2950 | D:5      | Found a staircase to the Ecumenical Temple.
  2958 | Temple   | Entered the Ecumenical Temple
  2978 | Temple   | Became a worshipper of Cheibriados the Contemplative
  3107 | D:5      | Reached skill level 10 in Axes
  3347 | D:5      | Reached skill level 5 in Shields
  3809 | D:6      | Found a white marble altar of Elyvilon.
  3884 | D:6      | Found a burning altar of Makhleb.
  4315 | D:7      | Found a sparkling altar of Nemelex Xobeh.
  4422 | D:7      | Reached * piety under Cheibriados
  4422 | D:7      | Reached XP level 8. HP: 60/64 MP: 7/7
  4995 | D:7      | Reached skill level 10 in Shields
  5243 | D:8      | Reached skill level 1 in Dodging
  5243 | D:8      | Reached XP level 9. HP: 59/71 MP: 8/8
  5247 | D:8      | Reached skill level 1 in Invocations
  5256 | D:8      | Noticed a cyclops
  5268 | D:8      | Killed a cyclops
  5321 | D:8      | Reached ** piety under Cheibriados
  5721 | D:8      | Noticed Maurice
  5734 | D:8      | Noticed a two-headed ogre
  5753 | D:8      | Killed a two-headed ogre
  5753 | D:8      | Reached skill level 5 in Fighting
  5753 | D:8      | Reached skill level 11 in Axes
  5753 | D:8      | Reached skill level 5 in Armour
  5890 | D:8      | Killed Maurice
  5890 | D:8      | Reached XP level 10. HP: 46/81 MP: 11/11
  6180 | D:8      | Found a blossoming altar of Fedhas.
  6184 | D:8      | Found an ancient bone altar of Kikubaaqudgha.
  6189 | D:8      | Found an ornate altar of the Wu Jian Council.
  6242 | D:8      | Got an uncursed polished battleaxe {flame}
  6250 | D:8      | Identified the +7 battleaxe of the Sixty-Six Allies {flame, rF+ Str+3} (You took it off a centaur on level 8 of the Dungeon)
  6261 | D:8      | Found a blossoming altar of Fedhas.
  6377 | D:8      | Found an opulent altar of Gozag.
  6683 | D:9      | Reached *** piety under Cheibriados
  6704 | D:9      | Reached skill level 12 in Axes
  6742 | D:9      | Noticed Pikel
  6745 | D:9      | Killed Pikel
  6758 | D:9      | Noticed a moth of wrath
  6761 | D:9      | Found a bloodstained altar of Trog.
  6914 | D:9      | Found a glowing golden altar of the Shining One.
  6976 | D:9      | Noticed a two-headed ogre
  6981 | D:9      | Killed a two-headed ogre
  6981 | D:9      | Reached skill level 13 in Axes
  7099 | D:9      | Found a staircase to the Lair.
  7200 | D:10     | Entered Level 10 of the Dungeon
  7220 | D:10     | Reached **** piety under Cheibriados
  7337 | D:10     | Reached skill level 14 in Axes
  7631 | D:10     | Reached XP level 11. HP: 32/88 MP: 12/12
  7639 | D:10     | Killed an unseen horror
  8317 | D:10     | Reached skill level 15 in Axes
  8335 | D:10     | Killed an unseen horror
  8520 | D:10     | Noticed a two-headed ogre
  8524 | D:10     | Killed a two-headed ogre
  8746 | D:10     | Reached ***** piety under Cheibriados
  9009 | D:11     | Found a staircase to the Orcish Mines.
  9022 | D:11     | Reached skill level 16 in Axes
  9503 | D:11     | Killed an unseen horror
  9583 | D:11     | Gained mutation: You are dopey. (Int -2) [potion of mutation]
  9583 | D:11     | Lost mutation: You are dopey. (Int -2) [potion of mutation]
  9583 | D:11     | Gained mutation: Your system is resistant to poisons. (rPois) [potion of mutation]
  9817 | D:11     | Noticed a two-headed ogre
  9821 | D:11     | Killed a two-headed ogre
  9821 | D:11     | Reached skill level 17 in Axes
  9948 | D:11     | Found a runed door.
  9959 | D:11     | Noticed a deep troll
  9959 | D:11     | a merfolk changed into a deep troll
  9961 | D:11     | Noticed an alligator
  9961 | D:11     | a deep troll changed into an alligator
  9965 | D:11     | Noticed a spark wasp
  9965 | D:11     | an alligator changed into a spark wasp
  9971 | D:11     | HP: 1/88 [spark wasp (glowing shapeshifter) (13)]
  9972 | D:11     | Killed from afar by a spark wasp (glowing shapeshifter)

Skill      XL: |  1  2  3  4  5  6  7  8  9 10 11 |
---------------+----------------------------------+-----
Axes           | 3 4 5 6 7 9 10 11 14 17 | 17.3
Shields        | 6 10 11 | 11.4
Dodging        | 1 3 |  3.3
Fighting       | 5 |  5.5
Armour         | 5 |  5.5
Invocations    | 2 3 |  3.1

Action                   |  1- 3 |  4- 6 |  7- 9 | 10-12 || total
-------------------------+-------+-------+-------+-------++-------
Melee: War axe           |    75 |   137 |   247 |    29 ||   488
       Headbutt          |    14 |    21 |    39 |    67 ||   141
       Battleaxe         |       |       |       |   233 ||   233
Evoke: Wand              |       |       |     2 |     1 ||     3
  Use: Potion            |       |     4 |     7 |     4 ||    15
       Scroll            |       |       |    12 |       ||    12
  Eat: Chunk             |       |     6 |     5 |     2 ||    13
       Ration            |       |       |     2 |     2 ||     4
Armor: Scale mail        |    33 |    61 |    97 |    65 ||   256
       Skin              |       |       |    45 |       ||    45
       Chain mail        |       |       |       |    71 ||    71
Dodge: Dodged            |    15 |    40 |    89 |   153 ||   297
Block: Shield            |    35 |    58 |   180 |    16 ||   289
